[Event "Budapest Chess Festival 2024"]
[Site "Budapest"]
[Date "2024.05.23"]
[Round "1.1"]
[White "Filip, Andrei"]
[Black "Aryan Chopra"]
[Result "0-1"]
[ECO "B66"]
[WhiteElo "2286"]
[BlackElo "2641"]
[Annotator "TA"]
[PlyCount "66"]
[EventDate "2024.05.20"]
[EventType "swiss"]
[EventCountry "HUN"]
[SourceTitle "playchess.com"]
[Source "ChessBase"]
[SourceQuality "1"]
[TimeControl "40/5400+30:1800+30"]

1. e4 c5 2. Nf3 d6 3. d4 cxd4 4. Nxd4 Nf6 5. Nc3 Nc6 6. Bg5 e6 7. Qd2 a6 8. Nxc6 bxc6 9. O-O-O Be7 10. Bxf6 {[%emt 0:01:04] White is slightly better.} gxf6 11. Bc4 Rb8 12. Bb3 O-O 13. Kb1 Kh8 14. f4 d5 15. f5 Bd6 16. g4 Be5 17. Rhg1 Rg8 18. exd5 (18. h4 $11) 18... exd5 $15 19. h4 {[%emt 0:05:08] [#] Now White is beyond hope.} (19. Na4 $11) 19... Rb4 $1 $19 20. Qe2 Qb6 {[%emt 0:07:17] ...a5 would now be deadly.} 21. a3 (21. Rg2 $142) 21... Rf4 {[%emt 0:00:51] White must now prevent ...Bxc3.} 22. Rg2 {[%emt 0:01:38] [#]} a5 $1 23. g5 (23. a4 $142) 23... Bxc3 (23... Rxf5 24. gxf6 Rxg2 25. Qxg2 Rxf6 (25... Bxf6 26. Ne4 $17) 26. Qg5 $17) 24. bxc3 Bxf5 25. Kc1 Be4 (25... Rxh4 26. Qf3 a4 (26... Rxg5 27. Rxg5 fxg5 28. Qxf5 $18) 27. Qxf5 Qe3+ (27... axb3 $2 {too greedy.} 28. Qxf6+ Rg7 29. Re2 $18) 28. Kb2 $11) 26. Rg3 Qc5 27. Rf1 {[%emt 0:01:08] Against Rf2} Qxa3+ 28. Kd2 Qd6 29. Rg4 Rxf1 30. Qxf1 f5 31. Rf4 (31. Qf4 Qxf4+ 32. Rxf4) 31... d4 {[%emt 0:00:36] ( -> ...dxc3+)} 32. Bxf7 dxc3+ 33. Kxc3 Qb4# {[%emt 0:00:05] Weighted Error Value: White=0.70/Black=0.09 (flawless) .  Mistake:       	White=5     	---        Inaccurate:     	White=3     	Black=1      OK:         	White=3     	Black=12     Best:        	White=1     	Black=3      Strong:       	---       	Black=2} 0-1

[Event "Budapest Chess Festival 2024"]
[Site "Budapest"]
[Date "2024.05.23"]
[Round "1.2"]
[White "Onyshchuk, Volodymyr"]
[Black "Levitan, Caleb Levi"]
[Result "1-0"]
[ECO "C50"]
[WhiteElo "2619"]
[BlackElo "2281"]
[Annotator "TA"]
[PlyCount "51"]
[EventDate "2024.05.20"]
[EventType "swiss"]
[EventCountry "HUN"]
[SourceTitle "playchess.com"]
[Source "ChessBase"]
[SourceQuality "1"]
[TimeControl "40/5400+30:1800+30"]

1. e4 e5 2. Nf3 Nc6 3. Bc4 h6 4. d4 exd4 5. Nxd4 Qf6 ({Black should try} 5... Ne5 $14) 6. Nb5 $16 Bc5 7. O-O (7. Nxc7+ Kd8 8. Be3 Bxe3 $17 (8... Kxc7 $2 9. Bxc5 Qe5 10. Ba3 $18)) 7... Bb6 8. N1c3 {[%emt 0:02:39] White is better.} Nge7 9. Be3 {[%emt 0:05:21] And now Bxb6 would win.} Ne5 10. Bb3 {[%emt 0:04:18] White is much more active.} (10. Na4 $16 {aiming for Nxb6.} Ba5 (10... Nxc4 11. Nxb6 Nxb6 12. Nxc7+ Kf8 13. a4 $11) 11. Be2) 10... O-O $14 11. Kh1 {[%emt 0:07:57] Bxb6 would now be deadly.} a6 12. Bxb6 Qxb6 13. f4 $36 {[%emt 0:07:06][%cal Bf2f4,Bf4f5][%mdl 2080] White has the initiative.} N5c6 14. Na3 Na5 15. f5 Nxb3 16. axb3 (16. cxb3 $16 {[%cal Of5f6] Hoping for f6!} f6 17. Rc1) 16... f6 $1 17. Nc4 Qc5 {[%emt 0:01:35] [#]} (17... Qc6 $1 $14) 18. e5 $1 $16 fxe5 {[%emt 0:07:11] [#]} (18... d6 $16) (18... d5 19. exd6) 19. f6 $1 $18 Rxf6 (19... gxf6 20. Ne4 Qc6 21. Qg4+ Kh8 22. Nxe5) (19... d5 {was called for.}) 20. Rxf6 gxf6 21. Ne4 Qc6 22. Qg4+ (22. Ncd6 $18 {and the rest is easy.} cxd6 23. Nxf6+ Kg7 (23... Kf7 $2 24. Qh5+ Ke6 25. Qg4+ Nf5 26. Ng8 $18) 24. Qg4+ Kf7 (24... Kxf6 25. Rf1+) 25. Rf1 Ng6 26. Nd5+ (26. Nxd7+ $2 Nf4 $19) 26... Kg7 27. c4) 22... Kh7 $2 {[%emt 0:00:50] [#] A mistake that costs the game.} (22... Kf8 $16 23. Nxe5 Qe6 (23... fxe5 24. Rf1+ Ke8 25. Qg7 d5 26. Rf7 Qe6 27. Nf6+)) 23. Ncd6 $1 {[%emt 0:02:25][%mdl 512] White mates.} cxd6 (23... Qxe4 24. Qxe4+) 24. Nxf6+ Kh8 25. Nh5 Nf5 26. Qxf5 {[%emt 0:00:09] Weighted Error Value: White=0.18 (very precise) /Black=0.59.  Loses game:     	---       	Black=2      Missed win:     	White=1     	---        Mistake:       	White=2     	Black=2      Inaccurate:     	---       	Black=1      OK:         	White=7     	Black=4      Best:        	White=1     	Black=3      Strong:       	White=1     	Black=1      Brilliant:      	White=2     	---} 1-0

[Event "Budapest Chess Festival 2024"]
[Site "Budapest"]
[Date "2024.05.23"]
[Round "1.3"]
[White "Turzo, Attila"]
[Black "Berkes, Ferenc"]
[Result "0-1"]
[ECO "A45"]
[WhiteElo "2279"]
[BlackElo "2618"]
[Annotator "TA"]
[PlyCount "92"]
[EventDate "2024.05.20"]
[EventType "swiss"]
[EventCountry "HUN"]
[SourceTitle "playchess.com"]
[Source "ChessBase"]
[SourceQuality "1"]
[TimeControl "40/5400+30:1800+30"]

1. d4 Nf6 2. Bf4 b6 3. c3 Bb7 4. Nd2 d6 5. Ngf3 Nbd7 6. h3 g6 7. e3 Bg7 8. Bc4 O-O 9. O-O c5 10. Bh2 d5 11. Be2 e6 {The position is equal.} 12. a4 Qe7 13. Ne5 a6 14. Qb3 Nxe5 15. Bxe5 Nd7 16. Bxg7 Kxg7 17. Nf3 Bc6 18. Qa3 a5 19. Qb3 Rab8 20. Rfe1 Rfd8 21. Bb5 Qd6 22. Bxc6 Qxc6 23. Qa3 Rb7 (23... c4 {seems wilder.} 24. Qe7 h6 25. Ne5 Nxe5 26. dxe5 Rd7) 24. b4 axb4 25. cxb4 c4 26. b5 Qc7 27. Qb4 Ra8 28. Ra3 Qd8 29. Nd2 Nf6 30. Nb1 h5 31. Nc3 h4 32. Rea1 Rba7 33. R3a2 Qc7 34. Qb2 Qd6 35. Qe2 Ra5 36. Rd1 Qb4 37. Qc2 Rc8 38. Rb1 {Prevents Qb3.} Qd6 39. Qb2 Qc7 {Black is more active.} 40. Re1 Rca8 41. Qb4 R5a7 42. Rea1 Qd8 43. Ra3 Kg8 44. R3a2 Kh7 45. Re1 Kg8 46. Rea1 $1 Ne8 {Weighted Error Value: White=0.05 (flawless) /Black=0.05 (flawless) .  Inaccurate:     	White=2     	---        OK:         	White=13    	Black=13     Best:        	---       	Black=1      Strong:       	White=1     	---} 0-1

[Event "Budapest Chess Festival 2024"]
[Site "Budapest"]
[Date "2024.05.23"]
[Round "1.4"]
[White "Kozak, Adam"]
[Black "Yeganegi, Barad"]
[Result "1-0"]
[ECO "C50"]
[WhiteElo "2607"]
[BlackElo "2279"]
[Annotator "TA"]
[PlyCount "63"]
[EventDate "2024.05.20"]
[EventType "swiss"]
[EventCountry "HUN"]
[SourceTitle "playchess.com"]
[Source "ChessBase"]
[SourceQuality "1"]
[TimeControl "40/5400+30:1800+30"]

1. e4 e5 2. Nf3 Nc6 3. Bc4 Nf6 4. d3 Bc5 5. a4 a5 6. Nc3 O-O 7. h3 Bb4 8. O-O {[%emt 0:02:23] White has an edge.} Bxc3 9. bxc3 d5 (9... d6 $14) 10. exd5 $16 Nxd5 11. Bd2 f6 12. Re1 Re8 13. d4 {[%emt 0:17:50] aiming for dxe5.} e4 14. Nh4 g6 {[%emt 0:02:05] Prevents Qh5} 15. Rb1 Kg7 16. Bb3 f5 17. Nf3 Nf6 (17... Be6 $142) 18. Ng5 Re7 {[%emt 0:00:57] Inhibits Nf7.} (18... Qe7 $142) 19. h4 ({White should play} 19. Qc1) 19... h6 20. Nh3 Ng4 (20... Kh7 $16 21. Bc1 Re8) 21. f3 $18 e3 (21... Nf6 $142 22. Qc1 Qh8 23. fxe4 Rxe4) 22. fxg4 exd2 23. Qxd2 fxg4 24. Nf4 Rxe1+ 25. Qxe1 Qd6 {[%emt 0:01:26] [#] Prevents d5} (25... Qe7 26. Qf2 Bf5) 26. Qe8 $1 {[%emt 0:02:56] White is clearly winning.} Qf8 27. Qxg6+ Kh8 28. Rf1 {[%emt 0:01:52][%cal Bb1f1,Bf1f5,Bf5f7][%mdl 32] White threatens Nh5 and mate.} Bf5 29. Qh5 {[%emt 0:00:04] Threatening mate with Ne6.} Ne7 {[%emt 0:00:15] [#]} 30. Ng6+ $1 Nxg6 31. Rxf5 Qg7 32. Rf7 {[%emt 0:00:09] Weighted Error Value: White=0.12 (very precise) /Black=0.33.  Mistake:       	White=1     	Black=6      Inaccurate:     	White=1     	Black=2      OK:         	White=8     	Black=7      Best:        	White=2     	---        Strong:       	White=1     	---} 1-0

[Event "Budapest Chess Festival 2024"]
[Site "Budapest"]
[Date "2024.05.23"]
[Round "1.5"]
[White "Todorovic, Goran M"]
[Black "Antal, Gergely"]
[Result "1/2-1/2"]
[ECO "B32"]
[WhiteElo "2278"]
[BlackElo "2586"]
[Annotator "TA"]
[PlyCount "120"]
[EventDate "2024.05.20"]
[EventType "swiss"]
[EventCountry "HUN"]
[SourceTitle "playchess.com"]
[Source "ChessBase"]
[SourceQuality "1"]
[TimeControl "40/5400+30:1800+30"]

1. e4 c5 2. Nf3 Nc6 3. d4 cxd4 4. Nxd4 e5 5. Nb5 d6 6. N1c3 a6 7. Na3 Be7 8. Nc4 b5 9. Ne3 Nf6 10. Bd3 Nb4 11. O-O O-O 12. a4 bxa4 (12... Be6 $11) 13. Rxa4 a5 14. Re1 Be6 15. b3 Nd7 16. Bf1 Bg5 17. Ra1 Rc8 18. Bb2 Nb6 19. g3 (19. Rxa5 Bxe3 20. Rxe3 Nc4 21. bxc4 (21. Bxc4 Qxa5 22. Bxe6 fxe6 $15) 21... Qxa5 $17) 19... Rc5 20. h4 Bh6 21. Nf5 Bxf5 22. exf5 Qb8 (22... Qc7 $1 $11 23. Nb5 Rxb5 24. Bxb5 Nxc2) 23. Ne4 Rxc2 24. Ba3 {[%emt 0:00:06][%cal Oa3b4] Bxb4! would now be deadly. This pair of bishops is nice.} N6d5 25. Bxb4 Nxb4 26. Qxd6 (26. Nxd6 $2 Rd2 27. Nxf7 Rxd1 $19 (27... Kxf7 $2 28. Qf3 $19)) 26... Nc6 (26... Qxd6 $14 27. Nxd6 Nc6) 27. Bc4 {[%emt 0:02:25] White is much more active.} (27. Qxb8 $16 Rxb8 28. Red1) 27... Qxd6 $1 $11 28. Nxd6 Bd2 $1 29. Red1 Bb4 30. Ne4 Nd4 31. f6 gxf6 32. Nxf6+ Kg7 33. Nh5+ Kh6 34. Nf6 Rd8 {[%emt 0:00:34] [#]} (34... Kg7 $11 {keeps the balance.} 35. Ng4 Rc3) 35. Ng4+ $1 $16 Kg7 36. Nxe5 Bc3 37. Rac1 {[%emt 0:00:50] aiming for Rxc2.} Nxb3 38. Bxb3 ({But not} 38. Nxf7 Rxc1 39. Rxc1 Nxc1 $11) 38... Rxc1 39. Rxc1 Bxe5 $14 {[%emt 0:00:04][%mdl 4096] Endgame. KRB-KRB} 40. Rc5 Rd3 (40... Bd4 $14 {was preferrable.} 41. Rc7 (41. Rxa5 Rd6 $14) 41... Rf8) 41. Rxe5 $16 (41. Rxa5 Bd4 42. Rg5+ Kf8) 41... Rxb3 42. Rxa5 {[%emt 0:00:08] KR-KR} Kg6 43. Rg5+ Kf6 44. Kg2 h6 45. Rg8 Rb4 46. Kh3 Rb2 47. f3 Kf5 48. Rg4 Rb3 {[%emt 0:01:21] [#]} 49. Rf4+ $1 Kg6 50. g4 Rb5 51. Kg3 Rb1 52. Rd4 Rb6 53. Rd5 Kg7 54. Kf4 Rb1 55. Kf5 Rh1 56. h5 Rh3 57. f4 Rh2 58. Ke5 (58. Ke4 $16) 58... Rg2 $11 59. Kf5 (59. g5 $11) 59... Rh2 $1 $16 60. Ke5 (60. Rb5 $16) 60... Re2+ {[%emt 0:00:05] Weighted Error Value: White=0.14 (very precise) /Black=0.12 (very precise) .  Mistake:       	White=4     	Black=5      Inaccurate:     	White=2     	---        OK:         	White=15    	Black=24     Best:        	White=4     	Black=2      Strong:       	White=2     	Black=3} 1/2-1/2

[Event "Budapest Chess Festival 2024"]
[Site "Budapest"]
[Date "2024.05.23"]
[Round "1.6"]
[White "Prohaszka, Peter"]
[Black "Szalay-Ocsak, Bank"]
[Result "1-0"]
[ECO "A45"]
[WhiteElo "2581"]
[BlackElo "2278"]
[Annotator "TA"]
[PlyCount "71"]
[EventDate "2024.05.20"]
[EventType "swiss"]
[EventCountry "HUN"]
[SourceTitle "playchess.com"]
[Source "ChessBase"]
[SourceQuality "1"]
[TimeControl "40/5400+30:1800+30"]

1. d4 Nf6 2. g3 d5 3. Nf3 g6 4. Bg2 Bg7 5. O-O O-O 6. c3 c6 7. a4 a5 8. Nbd2 Nbd7 9. Re1 Nb6 10. Ne5 Nfd7 11. Nxd7 Nxd7 {[%emt 0:05:55][%cal Bb6d7,Bd7f6,Bf6d5][%mdl 32] White has an edge.} 12. e4 dxe4 13. Nxe4 Nf6 14. Nc5 Nd5 15. h4 Qc7 16. h5 Bf5 17. h6 Bf6 18. Qb3 b6 19. Ne4 Bh8 20. Bg5 Rfe8 21. Nd2 Rad8 22. Nc4 Be6 23. Qc2 {[%emt 0:08:28] White is more active.} (23. Rxe6 $16 fxe6 24. Re1) 23... Bf5 24. Qe2 {[%emt 0:01:12] Black is weak on the dark squares} Be6 25. Rad1 b5 {[%emt 0:04:09] [#]} (25... Qc8 $14) 26. axb5 $1 $16 cxb5 {[%emt 0:00:07] [#]} 27. Ne3 (27. Na3 $1 $16) 27... b4 $2 ({Better is} 27... Nxe3 $14 28. Qxe3 Bb3) 28. Nxd5 $18 Bxd5 29. Bxe7 Qc6 $2 (29... Rd7) 30. Bxd8 Rxe2 31. Rxe2 Bxg2 32. d5 $2 $40 {[%emt 0:00:56][%mdl 128] White goes for the king.} (32. Rde1 $18 {is the precise move to win. White threatens Re8+ and mate.} Kf8 (32... bxc3 33. Re8+) 33. Bxa5) 32... Qa4 (32... Bxd5 $16 33. Rxd5 Bg7) 33. Rde1 {[%emt 0:00:29] Re8+ would kill now.} f5 34. Re8+ {[%emt 0:00:15] White mates.} Kf7 35. R1e7+ Kf6 36. Rg7# {[%emt 0:00:28] Weighted Error Value: White=0.30/Black=0.71.  Loses game:     	---       	Black=1      Mistake:       	White=2     	Black=2      Inaccurate:     	White=1     	Black=6      OK:         	White=8     	Black=4      Best:        	White=3     	---        Strong:       	White=1     	---} 1-0

[Event "Budapest Chess Festival 2024"]
[Site "Budapest"]
[Date "2024.05.23"]
[Round "1.7"]
[White "Geher, Koppany"]
[Black "Dragnev, Valentin"]
[Result "0-1"]
[ECO "B10"]
[WhiteElo "2277"]
[BlackElo "2566"]
[Annotator "TA"]
[PlyCount "80"]
[EventDate "2024.05.20"]
[EventType "swiss"]
[EventCountry "HUN"]
[SourceTitle "playchess.com"]
[Source "ChessBase"]
[SourceQuality "1"]
[TimeControl "40/5400+30:1800+30"]

1. e4 c6 2. Nf3 d5 3. d3 g6 4. e5 c5 5. c3 Nc6 6. Be2 Bg4 7. Bf4 Bxf3 8. Bxf3 {[%emt 0:00:09] Black has an edge.} e6 9. c4 Nge7 10. Nc3 Bg7 11. cxd5 exd5 (11... Nxe5 $6 12. Bxe5 Bxe5 13. dxe6 $16) 12. O-O O-O 13. Re1 h6 14. Bg3 Nd4 15. Bg4 Qb6 16. Rc1 Qa6 (16... Qxb2 $11 17. Na4 Qxa2) 17. a3 (17. f4 $14) 17... Rad8 18. Ne2 {[%emt 0:02:25] Hoping for Nxd4.} Ndc6 19. d4 cxd4 (19... h5 $11 20. Bf3 cxd4) 20. Nxd4 $14 Nxd4 21. Qxd4 Nc6 22. Qc5 ({White should try} 22. Qd2 $14) 22... Rfe8 23. e6 {[%emt 0:01:25] [#] Threatens to win with exf7+.} f5 24. Be2 Qb6 25. Qxb6 axb6 26. Bc7 Rc8 27. Bxb6 Bxb2 28. Rb1 Bc3 29. Rec1 d4 30. Bf3 Kg7 31. Bc5 ({Better is} 31. Bd5 $14) 31... Ne5 $11 32. Rxb7+ Kf6 33. Bb6 $2 (33. Ba7 $1 $15) 33... d3 $2 ({Less strong is} 33... Kxe6 34. Be2 $17) (33... Nxf3+ $19 34. gxf3 Rb8 (34... Rxe6 $2 {loses.} 35. Bxd4+ Bxd4 36. Rxc8 $18) (34... Kxe6 35. Rh7 $15) 35. Rxb8 Rxb8) 34. Bd5 {[%emt 0:00:01] A strong pair of Bishops.} d2 $36 {[%emt 0:06:50][%mdl 2048] Black is more active.} 35. Rd1 {[%emt 0:00:00] aiming for f4.} Nd3 {[%emt 0:00:22] [#]} 36. f4 $2 Nxf4 $19 37. Bb3 Nxe6 {[%emt 0:02:38] ...Nd4 is the strong threat.} 38. Be3 Ng5 39. Rxd2 $2 (39. Bxd2 $2 {perishes.} Bxd2 40. Rb6+ Kg7 41. Rb7+ Kh8 42. Rxd2 Rc1+ 43. Rd1 Rxd1+ 44. Bxd1 Re1+ 45. Kf2 Rxd1 $19) (39. Kf2) 39... Rxe3 40. Rd6+ Ne6 {[%emt 0:00:00] Weighted Error Value: White=0.39/Black=0.24 (precise) .  Loses game:     	White=2     	---        Missed win:     	---       	Black=1      Mistake:       	White=4     	Black=2      Inaccurate:     	White=3     	Black=4      OK:         	White=10    	Black=14     Best:        	White=1     	Black=3} 0-1

[Event "Budapest Chess Festival 2024"]
[Site "Budapest"]
[Date "2024.05.23"]
[Round "1.8"]
[White "Teclaf, Pawel"]
[Black "Rudolf, Michal"]
[Result "1/2-1/2"]
[ECO "A06"]
[WhiteElo "2568"]
[BlackElo "2275"]
[Annotator "TA"]
[PlyCount "63"]
[EventDate "2024.05.20"]
[EventType "swiss"]
[EventCountry "HUN"]
[SourceTitle "playchess.com"]
[Source "ChessBase"]
[SourceQuality "1"]
[TimeControl "40/5400+30:1800+30"]

1. Nf3 d5 2. e3 Nf6 3. c4 c6 4. Nc3 e6 5. b3 Nbd7 6. Qc2 Bd6 7. Be2 O-O 8. O-O Re8 9. Bb2 e5 10. cxd5 Nxd5 11. Ne4 Bc7 12. Ng3 N7f6 13. d3 a5 14. a3 Qe7 15. Rfe1 h6 16. Rad1 Nh7 (16... Bd7 {is interesting.} 17. d4 exd4 18. Rxd4 Nxe3 19. fxe3 Qxe3+ 20. Kh1 Bxg3 21. hxg3 Qf2) 17. Ne4 Ng5 18. Nfd2 Nxe4 19. Nxe4 Nf6 20. Nd2 Be6 21. Nf3 Bf5 22. h3 Rad8 23. Qc3 Nd5 24. Qc4 Nb6 25. Qc1 Be6 26. Qc2 f6 27. Nd2 Qf7 28. Rc1 Qg6 29. Kh1 Bd5 30. Bf1 Nd7 31. Bc3 Nc5 {[%emt 0:03:07][%cal Oc5d3] [#] White must now prevent ...Nxd3!} 32. e4 {[%emt 0:04:22] Weighted Error Value: White=0.07 (flawless) /Black=0.08 (flawless) .  Inaccurate:     	White=1     	Black=1      OK:         	White=7     	Black=7      Best:        	White=1     	---} 1/2-1/2

[Event "Budapest Chess Festival 2024"]
[Site "Budapest"]
[Date "2024.05.23"]
[Round "1.9"]
[White "Demeter, Dorina"]
[Black "Kadric, Denis"]
[Result "0-1"]
[ECO "A04"]
[WhiteElo "2274"]
[BlackElo "2558"]
[Annotator "RC"]
[PlyCount "68"]
[EventDate "2024.05.20"]
[EventType "swiss"]
[EventCountry "HUN"]
[SourceTitle "playchess.com"]
[Source "ChessBase"]
[SourceQuality "1"]
[TimeControl "40/5400+30:1800+30"]

1. Nf3 d6 2. d4 g6 3. e4 Bg7 4. Bd3 Nc6 5. c3 e5 6. Bg5 Nf6 7. h3 O-O 8. O-O h6 9. Be3 Nh5 10. Qd2 Kh7 11. Na3 a6 12. Rad1 Qf6 13. Nc2 g5 14. dxe5 dxe5 15. Nh2 Kh8 16. Nb4 Nxb4 17. cxb4 Nf4 18. Bc4 Qg6 19. Qc2 f5 20. Bc5 Re8 21. Qb3 Be6 22. Bxe6 Rxe6 23. exf5 Qxf5 24. Kh1 Rae8 25. Rd2 h5 26. Be3 g4 27. Bxf4 exf4 28. Rd5 Re5 29. Rxe5 Rxe5 30. Rd1 Re2 31. hxg4 hxg4 32. Rd8+ Kh7 33. Nxg4 Qxg4 34. Qd3+ Kh6 0-1

[Event "Budapest Chess Festival 2024"]
[Site "Budapest"]
[Date "2024.05.23"]
[Round "1.10"]
[White "Nasuta, Grzegorz"]
[Black "Yilmaz, Baver"]
[Result "1-0"]
[ECO "B90"]
[WhiteElo "2547"]
[BlackElo "2269"]
[Annotator "TA"]
[PlyCount "71"]
[EventDate "2024.05.20"]
[EventType "swiss"]
[EventCountry "HUN"]
[SourceTitle "playchess.com"]
[Source "ChessBase"]
[SourceQuality "1"]
[TimeControl "40/5400+30:1800+30"]

1. e4 c5 2. Nf3 d6 3. d4 cxd4 4. Nxd4 Nf6 5. Nc3 a6 6. f3 e5 7. Nb3 Be6 8. Be3 Be7 9. Qd2 Nbd7 10. g4 Rc8 11. g5 Nh5 12. O-O-O O-O 13. Kb1 {[%emt 0:04:11] White is slightly better.} b5 14. Nd5 Bxd5 15. exd5 Nb6 16. Na5 $36 {[%emt 0:00:12][%mdl 2048] Nc6 is the strong threat. White is more active.} Qc7 (16... Nxd5 $6 17. Nb7 $16) 17. Bh3 Rce8 18. Bg4 Nf4 19. Bxf4 exf4 20. Qxf4 Nxd5 21. Rxd5 $16 Qxa5 {[%emt 0:00:11] Black is weak on the light squares} 22. Rhd1 {[%emt 0:10:15] White is more active.} Bd8 23. Bf5 (23. Rxd6 Bc7 24. Qd2 Qxd2 25. R6xd2 Bf4 $11) 23... g6 {[%emt 0:10:26] [#]} (23... Re5 $1 $14) 24. Be4 $1 Be7 {[%emt 0:05:41] This move loses the game for Black.} (24... Re5 $16) 25. h4 $18 f5 26. Bd3 {[%emt 0:03:16] aiming for Bc4.} Rf7 27. c3 Bf8 28. Bc2 Rc7 $2 {[%emt 0:03:02] [#]} (28... Qb6 29. h5 a5) 29. h5 $1 Qb6 30. Bb3 Kh8 31. hxg6 Qf2 32. R5d2 (32. Rxf5 $142 Bg7 33. Qxd6 (33. Rxd6 Rce7 $18) 33... Ra7 34. Re5 Raa8 35. Rh1 Qg1+ 36. Rxg1 Bxe5 37. Qd7) 32... Re2 33. Qxf5 {[%emt 0:00:14][%cal Rf5f8] White mates.} Bg7 34. Qh3 Be5 {[%emt 0:02:02] [#]} 35. Qe6 $1 d5 36. Bxd5 {[%emt 0:01:09] Weighted Error Value: White=0.31/Black=0.56.  Mistake:       	---       	Black=4      Inaccurate:     	White=3     	Black=1      OK:         	White=7     	Black=10     Best:        	White=2     	Black=2      Strong:       	White=1     	---} 1-0

[Event "Budapest Chess Festival 2024"]
[Site "Budapest"]
[Date "2024.05.23"]
[Round "1.12"]
[White "Hera, Imre Jr."]
[Black "Pyrig, Roman"]
[Result "1-0"]
[ECO "D35"]
[WhiteElo "2542"]
[BlackElo "2262"]
[Annotator "TA"]
[PlyCount "119"]
[EventDate "2024.05.20"]
[EventType "swiss"]
[EventCountry "HUN"]
[SourceTitle "playchess.com"]
[Source "ChessBase"]
[SourceQuality "1"]
[TimeControl "40/5400+30:1800+30"]

1. d4 d5 2. c4 e6 3. Nc3 Nf6 4. cxd5 exd5 5. Bg5 Be7 6. e3 Bg4 7. Nf3 Nbd7 8. Bd3 c6 9. Qc2 h6 10. Bh4 O-O 11. O-O Rc8 {[%emt 0:16:22] The position is equal.} 12. Qb3 Ne4 13. Bxe7 Qxe7 14. Bxe4 dxe4 15. Nd2 Nf6 16. Rac1 Rfd8 17. Qa4 b6 18. h3 Bf5 19. Rfd1 Nd5 20. Nf1 h5 21. Ng3 Bg6 22. Nxd5 cxd5 23. Ne2 f6 24. Qa6 Qd7 25. a4 Rxc1 26. Rxc1 h4 27. a5 Rb8 28. axb6 Rxb6 29. Qa2 Bf7 30. Nc3 g5 31. Na4 $36 {[%emt 0:00:16][%mdl 2048] White is more active.} Ra6 32. b3 f5 33. Qc2 {[%emt 0:01:01] Nc5 would now be deadly.} Rg6 34. Qc7 Qxc7 35. Rxc7 $11 {[%emt 0:00:04][%mdl 4096] Endgame. KRB-KRN} f4 (35... Ra6 $11) 36. Rxa7 $16 {[%emt 0:00:56] White is more active.} g4 {[%emt 0:00:01] A mistake that costs the game.} (36... Rf6 $16 {was called for.} 37. Nc5 Rb6) 37. hxg4 $18 (37. exf4 $2 gxh3 38. g4 Rxg4+ (38... hxg3 39. fxg3 e3 40. Re7 $17) 39. Kh2 Be6 (39... Rxf4 40. Re7 $17) 40. Ra8+ Kf7 41. Ra7+ Kf6 $19) 37... f3 38. gxf3 exf3 39. Nc5 Rxg4+ {[%emt 0:02:13] [#]} 40. Kh1 $1 Rg2 41. Ra2 Rg6 42. b4 {[%emt 0:02:10] aiming for Ra8+.} Rb6 43. Rb2 Be8 44. Nd3 Bb5 45. Nf4 Bc4 (45... Rc6 {was worth a try.} 46. Kh2 (46. Nxd5 Rc1+ 47. Kh2 Kg7 $18) 46... Kg7) 46. Kh2 Kf7 47. Kh3 Kf6 48. Kxh4 Kf5 49. Kg3 Ke4 50. Kg4 {[%emt 0:00:19] And now Rd2 would win.} Bb5 51. Kg5 {[%emt 0:00:22] White threatens Rd2 and mate.} Be8 52. Ra2 Rb7 53. Ra8 (53. Ne6 $142 Kd3 54. Nc5+ Kc4 55. Nxb7 Kxb4 56. Kf6) 53... Bb5 54. Rd8 (54. Ne6 $142 Kd3 55. Nc5+ Kc4 56. Nxb7 Kxb4 57. Nd6) 54... Rg7+ 55. Kf6 {[%emt 0:00:24] White mates.} Rg4 56. Rd6 ({Not} 56. Nxd5 Rg2 $16) 56... Rxf4+ 57. exf4 Kxd4 58. f5 Bc4 59. Kg5 Kc3 {[%emt 0:00:21] [#]} 60. b5 $1 {Weighted Error Value: White=0.05 (flawless) /Black=0.44.  Mistake:       	---       	Black=3      Inaccurate:     	White=2     	Black=4      OK:         	White=15    	Black=21     Best:        	White=5     	Black=2      Strong:       	White=1     	---} 1-0

[Event "Budapest Chess Festival 2024"]
[Site "Budapest"]
[Date "2024.05.23"]
[Round "1.13"]
[White "Fodor, Balazs"]
[Black "Ivanisevic, Ivan"]
[Result "0-1"]
[ECO "E10"]
[WhiteElo "2260"]
[BlackElo "2537"]
[Annotator "RC"]
[PlyCount "74"]
[EventDate "2024.05.20"]
[EventType "swiss"]
[EventCountry "HUN"]
[SourceTitle "playchess.com"]
[Source "ChessBase"]
[SourceQuality "1"]
[TimeControl "40/5400+30:1800+30"]

1. d4 Nf6 2. c4 e6 3. Nf3 d5 4. g3 Bd6 5. Bg2 O-O 6. O-O Nc6 7. a3 dxc4 8. Nbd2 b5 9. Qc2 Bb7 10. b3 cxb3 11. Nxb3 Ne7 12. Bd2 Be4 13. Qb2 h6 14. Rfc1 a6 15. Bb4 Bd5 16. Nbd2 Nc6 17. Bc5 Ne4 18. Nxe4 Bxe4 19. e3 Na5 20. a4 Nc4 21. Qb4 Bxc5 22. Qxc5 Qd5 23. Qxd5 exd5 24. Ne1 Bxg2 25. Kxg2 b4 26. Nd3 Rfb8 27. Rab1 b3 28. Ne5 b2 29. Rc2 Na3 30. Rbxb2 Nxc2 31. Rxc2 Rb4 32. Rxc7 Rxa4 33. Rxf7 Ra1 34. Rc7 a5 35. Rc2 a4 36. Nd3 a3 37. Kh3 Rb1 0-1